 Dungeon Crawl Stone Soup version 0.29.0-4-gdea44cf6ec (webtiles) character file.

Game seed: 111596134150920123

71 qw the Chopper (level 4, -1/26 HPs)
             Began as a Tengu Warper on Aug 28, 2022.
             Killed from afar by Pikel (8 damage)
             ... with a puff of flame
             ... on level 6 of the Dungeon.
             The game lasted 00:00:12 (2738 turns).

qw the Chopper (Tengu Warper)                       Turns: 2738, Time: 00:00:13

Health: -1/26      AC:  6    Str: 20    XL:     4   Next: 24%
Magic:  8/8        EV: 10    Int: 13    God:
Gold:   124        SH:  0    Dex: 13    Spells: 7/7 levels left

rFire   . . .      SeeInvis .   Y - +1 hand axe
rCold   . . .      Faith    .   (no shield)
rNeg    . . .      Spirit   .   a - +0 scale mail
rPois   .          Reflect  .   (helmet restricted)
rElec   .          Harm     .   (no cloak)
rCorr   .          Rampage  .   (no gloves)
Will    .....                   (boots unavailable)
Stlth   ..........              (no amulet)
HPRegen 0.08/turn               c - +6 ring of strength
MPRegen 0.11/turn               (no ring)

@: no status effects
A: beak, talons 3
a: no special abilities


You were on level 6 of the Dungeon.
You visited 1 branch of the dungeon, and saw 4 of its levels.

You collected 124 gold pieces.


Innate Abilities, Weirdness & Mutations

You have a beak for a mouth.
You have claws for feet.


   Skills:
 - Level 2.0 Fighting
 + Level 4.8 Axes
 - Level 1.0 Throwing
 - Level 1.1 Armour
 - Level 2.1 Dodging
 - Level 2.0 Spellcasting
 - Level 2.4 Translocations


You had 7 spell levels left.
You didn't know any spells.
Your spell library contained the following spells:

 Spells                   Type           Power      Damage    Failure   Level
 Blink                    Tloc           14%        N/A       41%         2
 Gell's Gravitas          Tloc           7%         N/A       65%         3
 Lesser Beckoning         Tloc           7%         N/A       65%         3
 Teleport Other           Tloc           7%         N/A       65%         3
 Manifold Assault         Tloc           7%         N/A       100%        5

Inventory:

Hand Weapons
 i - a +0 mace
 Y - a +1 hand axe (weapon)
Armour
 a - a +0 scale mail (worn)
Jewellery
 c - a +6 ring of strength (left hand)
Scrolls
 b - a scroll of fog {unknown}
 e - 5 scrolls of identify

Dungeon Overview and Level Annotations

Branches:
Dungeon (3/15)

Altars:

Annotations:
D:6 Pikel


Message History

2727 ||| Stepping ~*~*~tactically~*~*~ (stealth).
Pikel moves out of view.
Pikel shouts!
The lemure shouts!
You hear a shout!
The lemure misses you.
There is an open door here.
You barely miss the lemure. Your kick misses the lemure. You hit the lemure.
The lemure hits you.
An orc comes into view. It is wielding a +0 short sword.
The lemure barely misses you.
You hit the lemure but do no damage. Your kick misses the lemure.
The lemure is lightly wounded.
You barely miss the lemure. The lemure hits you but does no damage.
The lemure barely misses you.
You hit the lemure. You peck the lemure, but do no damage.
The lemure is moderately wounded.
You hit the lemure. The lemure barely misses you. The lemure hits you!
You hit the lemure. Your kick misses the lemure.
The lemure is moderately wounded.
You hit the lemure but do no damage. You hit the lemure.
The lemure hits you but does no damage. The lemure hits you.
The lemure closely misses you.
You hit the lemure. You claw the lemure.
The lemure is heavily wounded.
You hit the lemure. x2
The lemure hits you.
The lemure hits you but does no damage. x2
You hit the lemure. You claw the lemure. You peck the lemure.
The lemure is almost dead.
You closely miss the lemure. You hit the lemure but do no damage.
Pikel says, "You'll feel the lick of my whip!"
The lemure hits you. The lemure hits you but does no damage.
You closely miss the lemure.
The lemure is lightly wounded.
You hit Pikel. You barely miss the lemure. The lemure closely misses you.
The lemure hits you but does no damage.
You barely miss the lemure.
The lemure is lightly wounded.
You hit Pikel but do no damage. You hit the lemure but do no damage.
Pikel zaps a wand.
The puff of flame hits you!
You die...

#######
#####o......
#...#5......
#...@K5.....
#..##55.....
#### #+#....
... .


You could see Pikel, 4 lemures and an orc.

Vanquished Creatures
  3 adders (D:2)
  A worm (D:2)
  A dart slug (D:2)
  An orc (D:3)
  7 ball pythons
  5 bats
  4 endoplasms
  2 giant cockroaches
  2 goblins
  A hobgoblin (D:1)
  3 quokkas
  2 frilled lizards (D:1)
  3 kobolds
  3 rats
38 creatures vanquished.

Notes
Turn   | Place    | Note
-------+----------+-------------------------------------------
     0 | D:1      | qw the Tengu Warper began the quest for the Orb.
     0 | D:1      | Reached XP level 1. HP: 12/12 MP: 4/4
     0 | D:1      | 0 ||| qw: Version: 0.1-a-89-g26bdef1
     0 | D:1      | 0 ||| qw: Game counter: 1636
     0 | D:1      | 0 ||| qw: Always use a shield: true
     0 | D:1      | 0 ||| qw: God list: Okawaru
     0 | D:1      | 0 ||| qw: Allow faded altars: false
     0 | D:1      | 0 ||| qw: Do Orc after D:15 true
     0 | D:1      | 0 ||| qw: Do second Lair branch before Depths: true
     0 | D:1      | 0 ||| qw: Lair rune preference: random
     0 | D:1      | 0 ||| qw: Plans: Normal
     0 | D:1      | 0 ||| PLANNING D:1-11
   183 | D:1      | Reached XP level 2. HP: 17/17 MP: 6/6
   208 | D:1      | Reached skill level 3 in Axes
   241 | D:1      | 241 ||| Stepping ~*~*~tactically~*~*~ (stealth).
   252 | D:1      | 252 ||| Stepping ~*~*~tactically~*~*~ (stealth).
   255 | D:1      | 255 ||| Stepping ~*~*~tactically~*~*~ (stealth).
   256 | D:1      | 256 ||| Stepping ~*~*~tactically~*~*~ (stealth).
   741 | D:1      | 741 ||| DROPPING +0 club.
   785 | D:1      | 785 ||| READING scroll labelled DUOWKY GEAM.
   786 | D:1      | 786 ||| READING 5 scrolls labelled XEB ZANEGOC.
   787 | D:1      | 787 ||| READING scroll labelled BEKHLU MUMYPSEO.
   788 | D:1      | 788 ||| READING scroll labelled KICOEPSETA.
   791 | D:1      | 791 ||| DROPPING scroll of blinking.
   802 | D:2      | Found a faded altar of an unknown god.
   808 | D:2      | 808 ||| STAIRDANCE
   810 | D:2      | 810 ||| STAIRDANCE
  1034 | D:2      | 1034 ||| Stepping ~*~*~tactically~*~*~ (hiding).
  1136 | D:2      | 1136 ||| Stepping ~*~*~tactically~*~*~ (hiding).
  1238 | D:2      | 1238 ||| Stepping ~*~*~tactically~*~*~ (hiding).
  1340 | D:2      | 1340 ||| Stepping ~*~*~tactically~*~*~ (hiding).
  1442 | D:2      | 1442 ||| Stepping ~*~*~tactically~*~*~ (hiding).
  1443 | D:2      | 1443 ||| Stepping ~*~*~tactically~*~*~ (hiding).
  1449 | D:2      | Reached XP level 3. HP: 21/21 MP: 7/7
  1598 | D:2      | Reached skill level 4 in Axes
  1808 | D:2      | HP: 2/21 [worm (5)]
  2274 | D:2      | 2274 ||| FLEEEEING.
  2275 | D:2      | 2275 ||| FLEEEEING.
  2437 | D:2      | Reached XP level 4. HP: 26/26 MP: 8/8
  2563 | D:2      | 2563 ||| UPGRADING to +0 scale mail.
  2573 | D:2      | 2573 ||| DROPPING +0 leather armour.
  2574 | D:2      | 2574 ||| UPGRADING to +6 ring of strength.
  2575 | D:2      | 2575 ||| READING scroll labelled CICLUL NIUNESHO.
  2576 | D:2      | 2576 ||| READING scroll labelled ECZIPS QIBLOLE.
  2724 | D:3      | You fall into a shaft and drop 3 floors!
  2726 | D:6      | Noticed a lemure
  2726 | D:6      | Noticed a lemure
  2726 | D:6      | Noticed a lemure
  2726 | D:6      | Noticed a lemure
  2727 | D:6      | Noticed Pikel
  2727 | D:6      | 2727 ||| Stepping ~*~*~tactically~*~*~ (stealth).
  2738 | D:6      | Killed from afar by Pikel

Levels and vault maps discovered:
D:1:      dpeg_arrival_lava_temple_mockup, layout_basic
D:2:      layout_basic, hellmonk_ecumenical_altar_pennies_from_heaven,
          kennysheep_potato
D:3:      layout_basic, marbit_many_paths, minmay_misc_feat_enclosed,
          minmay_circle_x, uniq_grinder
D:6:      layout_gridville, uniq_pikel

Skill      XL: |  1  2  3 |
---------------+----------+-----
Axes           | 3 4 |  4.8
Fighting       | |  2.0
Throwing       | |  1.0
Armour         | |  1.1
Dodging        | |  2.1
Spellcasting   | |  2.0
Translocations | |  2.4

Action                   |  1- 3 |  4- 6 || total
-------------------------+-------+-------++-------
Melee: Hand axe          |    71 |    21 ||    92
       Kick              |    14 |     3 ||    17
       Peck              |     7 |     3 ||    10
       Punch             |     3 |       ||     3
Throw: Boomerang         |     7 |       ||     7
  Use: Scroll            |     4 |     2 ||     6
Armor: Leather armour    |    18 |       ||    18
       Scale mail        |       |     7 ||     7
Dodge: Dodged            |    39 |    14 ||    53

Table legend:
 A = Non-vault XP
 B = Vault XP
 C = Vault XP percentage of total XP
 D = Non-vault monster count
 E = Vault monster count
 F = Vault count percentage of total count
                 A         B        C        D         E       F
            +---------+---------+-------+---------+---------+-------
      Total |      87 |      15 |  14.7 |      36 |       2 |   5.3
            +---------+---------+-------+---------+---------+-------
        D:1 |      24 |       0 |   0.0 |      15 |       0 |   0.0
        D:2 |      54 |      15 |  21.7 |      16 |       2 |  11.1
        D:3 |       9 |       0 |   0.0 |       5 |       0 |   0.0
            +---------+---------+-------+---------+---------+-------
